 Dungeon Crawl Stone Soup version 0.30-a0-305-g026cb31310 (console) character file.

Game seed: 5356213666071679884

2559 jejorda2 the Spear-Bearer (level 9, -2/108 HPs)
             Began as a Merfolk Berserker on Oct 21, 2022.
             Was an Elder of Trog.
             Slain by a red ugly thing (10 damage)
             ... on level 7 of the Dungeon.
             The game lasted 00:17:50 (6595 turns).

jejorda2 the Spear-Bearer (Merfolk Berserker)       Turns: 6595, Time: 00:17:51

Health: -2/108     AC: 15    Str: 22    XL:     9   Next: 56%
Magic:  9/9        EV:  9    Int:  9    God:    Trog [****..]
Gold:   419        SH:  0    Dex: 15    Spells: 8/8 levels left

rFire   + . .      SeeInvis .    a - +0 trident
rCold   x . .      Faith    .    (no shield)
rNeg    . . .      Spirit   .    r - +0 chain mail
rPois   +          Reflect  .    t - +2 helmet {Int+3}
rElec   .          Harm     .    p - +0 cloak {Stlth+}
rCorr   .          Rampage  .    (no gloves)
Will    .....                    e - +0 pair of boots
Stlth   ..........               (no amulet)
HPRegen 0.38/turn                u - ring of Xom's Malicious Joy {Fire Dex+2 Stlth+}
MPRegen 0.11/turn                A - ring of poison resistance

@: berserking, very quick
A: (nimble swimmer 2), mertail
a: Renounce Religion, Berserk, Trog's Hand, Brothers in Arms


You were on level 7 of the Dungeon.
You worshipped Trog.
Trog was greatly pleased with you.
You visited 2 branches of the dungeon, and saw 8 of its levels.
You also visited: Sewer.

You collected 785 gold pieces.
You spent 366 gold pieces at shops.

Inventory:

Hand Weapons
 a - a +0 trident (weapon)
Missiles
 f - 51 stones (quivered)
 l - 5 javelins
 s - 3 boomerangs
 y - 12 poisoned darts
 z - 3 throwing nets
Armour
 e - a +0 pair of boots (worn)
 p - a +0 cloak of stealth (worn)
 r - a +0 chain mail (worn)
 t - a +2 helmet of intelligence (worn)
Jewellery
 g - a ring of willpower
 j - a ring of protection from cold
 m - the ring of Fyurgh {+Blink rElec rC+ Int+3}
   (You bought it in a shop on level 1 of the Dungeon)

   [ring of protection from cold]

   Int:       It affects your intelligence (+3).
   rC:        It protects you from cold.
   rElec:     It insulates you from electricity.
   +Blink:    It lets you blink.
 u - the ring of Xom's Malicious Joy (left hand) {Fire Dex+2 Stlth+}
   (You found it on level 4 of the Dungeon)

   [ring of fire]

   It enhances your fire magic.
   Dex:       It affects your dexterity (+2).
   rF:        It protects you from fire.
   rC:        It makes you vulnerable to cold.
   Stlth:     It makes you more stealthy.
 A - a ring of poison resistance (right hand)
Scrolls
 b - 6 scrolls of teleportation
 c - 2 scrolls of brand weapon {unknown}
 h - a scroll of enchant armour {unknown}
 n - 2 scrolls of enchant weapon
 D - a scroll of butterflies
 F - 2 scrolls of magic mapping
 G - 4 scrolls of fear {unknown}
 H - a scroll of poison {unknown}
Potions
 d - 3 potions of attraction {unknown}
 i - a potion of might {unknown}
 k - 4 potions of curing {unknown}
 o - a potion of berserk rage {unknown}
 q - 2 potions of resistance {unknown}
 v - a potion of heal wounds {unknown}
 w - 3 potions of lignification
 x - a potion of mutation {unknown}
 B - a potion of degeneration {unknown}
 C - 2 potions of cancellation {unknown}
 E - 2 potions of magic {unknown}


   Skills:
 - Level 7.0 Fighting
 * Level 11.3 Polearms
 + Level 4.4 Armour
 - Level 2.6 Dodging
 + Level 5.3 Evocations


You had 8 spell levels left.
You didn't know any spells.
Your spell library was empty.

Dungeon Overview and Level Annotations

Branches:
Dungeon (7/15)             Temple (1/1) D:4           Sewer (visited)

Altars:
Ashenzari
Fedhas
Nemelex Xobeh
Qazlal
Ru
Sif Muna
Vehumet
Wu Jian
Xom
Yredelemnul
Zin

Shops:
D:1 *   D:5 (

Annotations:
Temple 4 transporters


Innate Abilities, Weirdness & Mutations

((You are very nimble when in or above water. (Stealth+, EV+, Speed+++)))
Your lower body shifts to a powerful aquatic tail in water.


Message History

< or
m - the ring of Fyurgh {+Blink rElec rC+ Int+3} > or
A - a ring of poison resistance You remove the ring of Fyurgh {+Blink rElec rC+ Int+3}.
You feel more attuned to fire.
You feel agile.
u - the ring of Xom's Malicious Joy (left hand) {Fire Dex+2 Stlth+} The red ugly thing bites you but does no damage.
A red film seems to cover your vision as you go berserk!
You feel yourself moving faster!
You feel mighty! The red ugly thing bites you.
You are engulfed in flames!
You resist.
* * * LOW HITPOINT WARNING * * *
Unknown command.
You puncture the red ugly thing!
The red ugly thing is lightly wounded.
You puncture the red ugly thing!
The red ugly thing is moderately wounded.
You puncture the red ugly thing!
The red ugly thing is heavily wounded.
The red ugly thing bites you.
* * * LOW HITPOINT WARNING * * *
You are engulfed in flames!
You resist.
* * * LOW HITPOINT WARNING * * *
You impale the red ugly thing!!
The red ugly thing is severely wounded.
You barely miss the red ugly thing.
The red ugly thing is severely wounded.
The red ugly thing barely misses you.
You puncture the red ugly thing!
The red ugly thing is almost dead.
You closely miss the red ugly thing.
The red ugly thing is almost dead.
The red ugly thing closely misses you.
You closely miss the red ugly thing.
The red ugly thing is almost dead.
You closely miss the red ugly thing.
The red ugly thing is almost dead.
The red ugly thing bites you.
* * * LOW HITPOINT WARNING * * *
You are engulfed in flames!
You resist.
You die...

#...##..##..##.# #
#.##..##..##...# #.#
#.##..##..##...#
c#H.h##...##..##..##.#
...Y..h...##..##..##.#
#.##..##†.##...#
#.##..##..##...#
#.h.##.†##..##.#
#...##.)##@.##.#
####..##†u##...#
#..##..##...#
#############


You could see a red ugly thing.

Vanquished Creatures
  A manticore (D:7)
  3 water moccasins
  2 ice beasts (D:7)
  A black bear (D:7)
  A sky beast (D:7)
  2 centaurs
  A phantom (D:4)
  A necrophage (D:7)
  3 bullfrogs (D:7)
  2 scorpions
  2 howler monkeys (D:7)
  4 hounds
  Crazy Yiuf (D:5)
  A jelly (D:5)
  5 iguanas
  3 orc wizards
  Natasha (thrice) (D:4)
  12 gnolls
  11 adders
  2 white imps
  An ufetubus (D:5)
  4 dart slugs
  3 worms
  17 orcs
  3 bats
  5 endoplasms
  5 giant cockroaches
  8 goblins
  11 hobgoblins
  17 jackals
  4 quokkas
  3 training dummies (D:5)
  10 ball pythons
  A frilled lizard (D:3)
  6 kobolds
  9 rats
168 creatures vanquished.

Vanquished Creatures (others)
  A plant (D:1)
1 creature vanquished.

Grand Total: 169 creatures vanquished

Notes
Turn   | Place    | Note
-------+----------+-------------------------------------------
     0 | D:1      | jejorda2 the Merfolk Berserker began the quest for the Orb.
     0 | D:1      | Reached XP level 1. HP: 18/18 MP: 1/1
    13 | D:1      | Found Nydaek's Assorted Antiques.
    38 | D:1      | Reached XP level 2. HP: 14/24 MP: 2/2
   318 | D:1      | Reached XP level 3. HP: 29/29 MP: 3/3
   368 | D:1      | Reached ** piety under Trog
   423 | D:1      | Reached skill level 5 in Polearms
   715 | D:1      | Found a faded altar of an unknown god.
   874 | D:1      | Bought a sparkling platinum ring for 85 gold pieces
   874 | D:1      | Identified the ring of Fyurgh {+Blink rElec rC+ Int+3} (You
                  | bought it in a shop on level 1 of the Dungeon)
  1211 | D:2      | Reached XP level 4. HP: 37/37 MP: 4/4
  1440 | D:2      | You fall into a shaft and drop 2 floors!
  1446 | D:4      | Found a staircase to the Ecumenical Temple.
  1476 | Temple   | Entered the Ecumenical Temple
  1476 | Temple   | Found a transporter.
  1476 | Temple   | Found a transporter.
  1477 | Temple   | Found a transporter.
  1477 | Temple   | Found a transporter.
  1757 | D:3      | Reached skill level 1 in Evocations
  1884 | D:3      | Reached XP level 5. HP: 29/42 MP: 5/5
  2363 | D:3      | Reached skill level 6 in Polearms
  2547 | D:1      | Bought a glowing helmet for 127 gold pieces
  2613 | D:4      | Identified the ring of Xom's Malicious Joy {Fire Dex+2
                  | Stlth+}
  2801 | D:4      | Noticed Natasha
  2816 | D:4      | Killed Natasha
  2820 | D:4      | Reached *** piety under Trog
  2987 | D:4      | Noticed a phantom
  3004 | D:4      | Killed a phantom
  3005 | D:4      | Reached XP level 6. HP: 41/49 MP: 6/6
  3181 | D:4      | Noticed Natasha
  3187 | D:4      | Reached skill level 7 in Polearms
  3190 | D:4      | Killed Natasha
  3197 | D:4      | Reached XP level 7. HP: 48/55 MP: 7/7
  3512 | D:4      | Noticed Natasha
  3520 | D:4      | Killed Natasha
  3690 | D:1      | Bought a fuming brown potion for 15 gold pieces
  3690 | D:1      | Bought a wooden ring for 85 gold pieces
  3690 | D:1      | Bought a white potion for 15 gold pieces
  3690 | D:1      | Bought a black potion for 15 gold pieces
  3762 | D:5      | Entered Level 5 of the Dungeon
  3775 | D:5      | Reached skill level 5 in Fighting
  4241 | D:5      | Reached skill level 8 in Polearms
  4493 | D:5      | Found Ilinor's Firing Range.
  4527 | D:5      | Bought 3 javelins for 24 gold pieces
  4767 | D:5      | Found a runed translucent door.
  4768 | D:5      | Noticed Crazy Yiuf
  4775 | D:5      | Killed Crazy Yiuf
  4776 | D:5      | Reached XP level 8. HP: 63/63 MP: 8/8
  4792 | D:5      | Identified the +4 hammer "Xucejot" {vamp, *Noise rN+ Dex+4
                  | Stlth+}
  5170 | D:6      | Found a glowing drain.
  5186 | D:6      | Reached skill level 9 in Polearms
  5264 | Sewer    | Entered a sewer
  5696 | D:6      | Reached **** piety under Trog
  6322 | D:7      | Reached skill level 10 in Polearms
  6337 | D:7      | Reached XP level 9. HP: 70/70 MP: 9/9
  6507 | D:7      | Noticed a manticore
  6532 | D:7      | Killed a manticore
  6533 | D:7      | Reached skill level 5 in Evocations
  6534 | D:7      | Reached skill level 11 in Polearms
  6559 | D:7      | Noticed a red ugly thing
  6595 | D:7      | Slain by a red ugly thing

Illustrated notes

Levels and vault maps discovered:
D:1:      minmay_arrival_doors, layout_basic, serial_shops,
          nicolae_shop_overgrown_old_shop,
          hellmonk_ecumenical_altar_leap_of_faith
D:2:      layout_basic
D:3:      layout_loops_ring
D:4:      minmay_polygon_palace, layout_rooms, minmay_temple_entry_wispy,
          serial_curves, eino_curves_04, eino_curves_03, eino_curves_02,
          eino_curves_04, uniq_natasha
D:5:      layout_loops_ring, nicolae_shop_firing_range, uniq_crazy_yiuf_cottage
D:6:      layout_loops_cross, gup_sewer_entry_glass
D:7:      wad_guarded_room, layout_basic, roderic_lattice_a
Temple:   hellmonk_temple_divided_pantheon

Skill      XL: |  1  2  3  4  5  6  7  8  9 |
---------------+----------------------------+-----
Polearms       | 5 6 7 8 10 11 | 11.3
Armour         | 2 3 4 |  4.4
Fighting       | 4 5 6 7 |  7.0
Evocations     | 1 2 3 4 5 |  5.3
Dodging        | |  2.6

Action                   |  1- 3 |  4- 6 |  7- 9 || total
-------------------------+-------+-------+-------++-------
Melee: Spear             |   143 |    28 |       ||   171
       Punch             |     2 |       |     9 ||    11
       Trident           |       |   160 |   417 ||   577
       Tailslap          |       |       |     1 ||     1
Throw: Stone             |       |       |    10 ||    10
Invok: Berserk           |       |     1 |     5 ||     6
       Trog's Hand       |       |     1 |     2 ||     3
  Use: Scroll            |       |     7 |     6 ||    13
Armor: Animal skin       |     3 |       |       ||     3
       Ring mail         |    27 |     3 |       ||    30
       Chain mail        |       |    63 |   211 ||   274
Dodge: Dodged            |    46 |    63 |   120 ||   229

Table legend: (Time is in decaauts)
 A = Elapsed time spent in this place.
 B = Non-inter-level travel time spent in this place.
 C = Inter-level travel time spent in this place.
 D = Time resting spent in this place.
 E = Time spent auto-exploring this place.
 F = Levels seen in this place.
 G = Mean time per level.
                   A        B        C        D        E       F      G
               +--------+--------+--------+--------+--------+-----+--------+
         Total |   6527 |   5901 |    626 |    255 |   4204 |   9 |  725.2 |
       Dungeon |   6240 |   5622 |    618 |    174 |   4086 |   7 |  891.4 |
        Temple |     80 |     72 |      8 |      0 |     63 |   1 |   80.0 |
         Sewer |    205 |    205 |      0 |     81 |     55 |   1 |  205.0 |
               +--------+--------+--------+--------+--------+-----+--------+

Top non-repeatable levels by time:
     D:5: 1176 daAuts
     D:4: 1111 daAuts
     D:1: 976 daAuts
     D:6: 925 daAuts
     D:3: 885 daAuts
     D:2: 703 daAuts
     D:7: 461 daAuts
   Sewer: 205 daAuts
  Temple: 80 daAuts
